 Dungeon Crawl Stone Soup version 0.29-a0-813-g4a14ea37d6 (webtiles) character file.

Game seed: 4289289318050136764

731 avis the Chiller (level 7, -1/59 HPs)
             Began as a Demigod Ice Elementalist on July 4, 2022.
             Slain by a steam dragon (4 damage)
             ... on level 6 of the Dungeon.
             The game lasted 00:31:13 (5977 turns).

avis the Chiller (Demigod Ice Elementalist)         Turns: 5977, Time: 00:31:14

Health: -1/59      AC:  2    Str:  8    XL:     7   Next: 20%
Magic:  12/14      EV: 14    Int: 21    God:
Gold:   333        SH:  0    Dex: 21    Spells: 5/12 levels left

rFire   x . .      SeeInvis .   a - +2 rapier (speed)
rCold   + . .      Faith    .   (no shield)
rNeg    . . .      Spirit   .   g - +0 robe
rPois   .          Reflect  .   (no helmet)
rElec   .          Harm     .   c - scarf {repulsion}
rCorr   .          Rampage  .   (no gloves)
Will    .....                   (no boots)
Stlth   ++........              w - amulet of regeneration
HPRegen 0.99/turn               k - +4 ring of slaying
MPRegen 0.14/turn               l - ring of ice

@: hasted, repel missiles, very quick
A: high MP 1, forlorn, divine attributes, clever 1
a: no special abilities


You were on level 6 of the Dungeon.
You visited 1 branch of the dungeon, and saw 6 of its levels.

You collected 333 gold pieces.

Inventory:

Hand Weapons
 a - a +2 rapier of speed (weapon)
 s - a +0 falchion
 E - a +0 long sword
Missiles
 x - 8 poisoned darts
 C - a boomerang (quivered)
Armour
 c - a scarf of repulsion (worn)
 g - a +0 robe (worn)
 z - a scarf of shadows
Jewellery
 k - a +4 ring of slaying (left hand)
 l - a ring of ice (right hand)
 w - an amulet of regeneration (around neck)
 y - a +6 ring of intelligence
 D - an amulet of magic regeneration
Scrolls
 d - a scroll of magic mapping {unknown}
 e - 3 scrolls of noise {unknown}
 f - 3 scrolls of teleportation {unknown}
 h - 4 scrolls of identify {unknown}
 i - 2 scrolls of amnesia {unknown}
 m - a scroll of poison {unknown}
 A - a scroll of fog {unknown}
 B - a scroll of immolation {unknown}
Potions
 b - a potion of magic
 j - a potion of lignification
 n - a potion of might {unknown}
 o - 2 potions of mutation
 p - a potion of degeneration {unknown}
 r - a potion of heal wounds {unknown}
 t - a potion of cancellation
 u - a potion of haste
 v - a potion of flight {unknown}


   Skills:
 - Level 4.0 Fighting
 * Level 3.6 Long Blades
 - Level 4.0 Dodging
 - Level 2.0 Stealth
 - Level 3.0 Spellcasting
 - Level 4.0 Ice Magic


You had 5 spell levels left.
You knew the following spells:

 Your Spells              Type           Power      Damage    Failure   Level
a - Freeze                Ice            100%       1d11      2%          1
o - Ozocubu's Armour      Ice            29%        N/A       8%          3
r - Frozen Ramparts       Ice            58%        1d7       8%          3

Your spell library contained the following spells:

 Spells                   Type           Power      Damage    Failure   Level
 Sandblast                Erth           6%         2d5       13%         1
 Sting                    Tmut/Pois      12%        1d3       13%         1
 Passwall                 Tmut/Erth      2%         N/A       21%         2
 Poisonous Vapours        Pois/Air       6%         N/A       21%         2
 Stone Arrow              Conj/Erth      6%         3d7       36%         3
 Hailstorm                Conj/Ice       17%        3d6       50%         4
 Olgreb's Toxic Radiance  Pois           3%         N/A       78%         4


Dungeon Overview and Level Annotations

Branches:
Dungeon (6/15)
 Temple: D:4-7


Innate Abilities, Weirdness & Mutations

You have an increased reservoir of magic. (+10% MP)
You shall have no god before yourself.
Your divine heritage dramatically boosts your attributes as you level up.
Your mind is acute. (Int +4, Str/Dex -1)


Message History

The iguana bites you!
* * * LOW HITPOINT WARNING * * *
The heat melts your icy armour.
It was a potion of lignification.
You turn into a tree.
Your scarf of repulsion melds into your body.
Your +0 robe melds into your body.
The haze of the repulsion field disappears.
Your roots penetrate the ground.
You are engulfed in a cloud of scalding steam.
The iguana bites you but does no damage.
The steam dragon bites you but does no damage.
The steam dragon claws you but does no damage.
The heat melts your icy armour.
It was a potion of curing.
You feel better.
The steam dragon bites you but does no damage.
The steam dragon claws you but does no damage.
The iguana is engulfed in a cloud of scalding steam.
The iguana bites you.
* * * LOW HITPOINT WARNING * * *
Unknown command.
It was a potion of cancellation.
Your magical effects are unravelling.
You feel magically purged.
You are engulfed in a cloud of scalding steam.
Your icy armour evaporates.
You feel less wooden.
Your scarf of repulsion unmelds from your body.
Your +0 robe unmelds from your body.
You are surrounded by a repulsion field.
The steam dragon barely misses you. The steam dragon claws you.
* * * LOW HITPOINT WARNING * * *
The iguana is engulfed in a cloud of scalding steam.
The iguana dies!
The heat melts your icy armour.
You feel better.
You are engulfed in a cloud of scalding steam.
* * * LOW HITPOINT WARNING * * *
The steam dragon barely misses you. The steam dragon completely misses you.
It was a potion of haste.
You feel yourself speed up. The steam dragon closely misses you.
The steam dragon claws you.
You die...

+.........# #..
#.........# #..
#.........### #...
#............ #....
#............
#....#######............
.............########...
......†......# #...
......D@....§# #...
.............# #...
.............# #...
.............# #...
...########### #... ..
#... . #... #... #...


You could see a steam dragon.

Vanquished Creatures
  A steam dragon (D:5)
  A sky beast (D:5)
  3 scorpions
  A jelly (D:6)
  A gnoll bouda (D:6)
  An iguana (D:5)
  An orc wizard (D:3)
  5 gnolls
  6 adders
  5 dart slugs
  14 orcs
  9 bats
  5 endoplasms
  2 giant cockroaches
  8 hobgoblins
  A quokka (D:2)
  4 ball pythons
  3 frilled lizards
  6 goblins
  9 kobolds
  5 rats
91 creatures vanquished.

Vanquished Creatures (others)
  An iguana (D:6)
  3 toadstools (D:2)
4 creatures vanquished.

Grand Total: 95 creatures vanquished

Notes
Turn   | Place    | Note
-------+----------+-------------------------------------------
     0 | D:1      | avis the Demigod Ice Elementalist began the quest for the
                  | Orb.
     0 | D:1      | Reached XP level 1. HP: 14/14 MP: 5/5
   133 | D:1      | Reached skill level 1 in Fighting
   552 | D:1      | Reached XP level 2. HP: 21/23 MP: 5/7
  1457 | D:2      | Reached XP level 3. HP: 28/28 MP: 6/8
  2526 | D:3      | Reached XP level 4. HP: 31/36 MP: 5/9
  3184 | D:3      | Learned a level 3 spell: Ozocubu's Armour
  3188 | D:3      | Learned a level 3 spell: Frozen Ramparts
  3413 | D:4      | Reached skill level 1 in Long Blades
  3413 | D:4      | Reached XP level 5. HP: 42/45 MP: 3/10
  4448 | D:5      | Entered Level 5 of the Dungeon
  4570 | D:5      | Reached XP level 6. HP: 27/52 MP: 1/12
  5219 | D:5      | Noticed a steam dragon
  5234 | D:5      | Killed a steam dragon
  5662 | D:6      | Reached XP level 7. HP: 59/59 MP: 6/14
  5966 | D:6      | Noticed a steam dragon
  5972 | D:6      | Gained mutation: Your mind is acute. (Int +4, Str/Dex -1)
                  | [potion of mutation]
  5976 | D:6      | HP: 1/59 [steam dragon] (15)]
  5977 | D:6      | Slain by a steam dragon

Illustrated notes

Levels and vault maps discovered:
D:1:      ncdulo_wetmaze, layout_basic, ebering_ecumenical_altar_hall
D:2:      layout_basic, minmay_gold_behind_fungi
D:3:      layout_basic, jmf_multi_god_temple, mainiacjoe_overflow_swirl
D:4:      layout_loops_ring
D:5:      layout_basic, minivault_4, nicolae_kite_square_tiling_tiny
D:6:      layout_gridville, yredelemnul_altar_generic, serial_shops,
          nicolae_shop_behind_doors, nicolae_sextant

Skill      XL: |  1  2  3  4  5  6  7 |
---------------+----------------------+-----
Fighting       | 1 2 3 4 |  4.0
Spellcasting   | 2 3 |  3.0
Ice Magic      | 4 |  4.0
Dodging        | 2 3 4 |  4.0
Stealth        | 2 |  2.0
Long Blades    | 1 2 3 |  3.6

Action                   |  1- 3 |  4- 6 |  7- 9 || total
-------------------------+-------+-------+-------++-------
Melee: Long sword        |     8 |    23 |     7 ||    38
       Punch             |       |     1 |       ||     1
       Rapier            |       |       |     3 ||     3
Throw: Dart              |       |     4 |       ||     4
       Boomerang         |       |       |     1 ||     1
 Cast: Freeze            |    72 |    61 |    17 ||   150
       Ozocubu's Armour  |       |     7 |     4 ||    11
  Use: Potion            |       |       |     6 ||     6
 Stab: Sleeping          |     2 |     3 |     1 ||     6
Armor: Robe              |     7 |    13 |     5 ||    25
       Skin              |       |       |     7 ||     7
Dodge: Dodged            |    27 |    43 |    28 ||    98
       Repelled          |     1 |       |       ||     1

Table legend: (Time is in decaauts)
 A = Elapsed time spent in this place.
 B = Non-inter-level travel time spent in this place.
 C = Inter-level travel time spent in this place.
 D = Time resting spent in this place.
 E = Time spent auto-exploring this place.
 F = Levels seen in this place.
 G = Mean time per level.
                   A        B        C        D        E       F      G
               +--------+--------+--------+--------+--------+-----+--------+
         Total |   5998 |   5463 |    535 |   1394 |   3081 |   6 |  999.7 |
       Dungeon |   5998 |   5463 |    535 |   1394 |   3081 |   6 |  999.7 |
               +--------+--------+--------+--------+--------+-----+--------+

Top non-repeatable levels by time:
     D:1: 1239 daAuts
     D:4: 1153 daAuts
     D:3: 1091 daAuts
     D:2: 1070 daAuts
     D:5: 1018 daAuts
     D:6: 424 daAuts
